 Dungeon Crawl Stone Soup version 0.28-a0-1002-gf00fe891ef (webtiles) character file.

Game seed: 7305806288711848076

1364 tilp the Frost Mage (level 8, 36/36 HPs)
             Began as a Felid Ice Elementalist on Dec 6, 2021.
             Was an Initiate of Ru.
             Quit the game on level 6 of the Dungeon.
             The game lasted 00:17:00 (12301 turns).

tilp the Frost Mage (Felid Ice Elementalist)       Turns: 12301, Time: 00:17:00

Health: 36/36      AC:  2    Str:  4    XL:     8   Next: 38%
Magic:  18/18      EV: 19    Int: 21    God:    Ru [......]
Gold:   778        SH:  0    Dex: 15    Spells: 8/19 levels left
                                        Lives:  0   Deaths: 2

rFire   . . .      SeeInvis +     - Unarmed
rCold   . . .      Faith    .   (shield unavailable)
rNeg    . . .      Spirit   .   (armour unavailable)
rPois   .          Reflect  .   (helmet unavailable)
rElec   .          Harm     .   (cloak unavailable)
rCorr   .          Rampage  .   (gloves unavailable)
Will    +....                   (boots unavailable)
Stlth   ++++......              (no amulet)
HPRegen 0.12/turn               (no ring)
MPRegen 0.16/turn               (no ring)

@: quick
A: very small, claws 1, fangs 3, see invisible, clumsy 1, speed 1, shaggy fur 2,
stealthy paws, no weapons or thrown items, no armour, multi-lived
a: Renounce Religion


You were on level 6 of the Dungeon.
You worshipped Ru.
Ru was noncommittal.
You visited 2 branches of the dungeon, and saw 7 of its levels.
You also visited: Sewer.

You collected 1218 gold pieces.
You spent 440 gold pieces at shops.

Inventory:

Wands
 d - a wand of flame (2)
 l - a wand of charming (3)
 n - a wand of iceblast (6)
 q - a wand of polymorph (4)
Scrolls
 b - a scroll of teleportation
Potions
 a - 3 potions of mutation
 c - 2 potions of cancellation {unknown}
 e - 6 potions of haste
 f - 2 potions of magic
 g - 2 potions of resistance {unknown}
 h - 3 potions of might
 i - 3 potions of brilliance
 j - 3 potions of heal wounds {unknown}
 k - 3 potions of berserk rage
 m - a potion of curing
 o - 2 potions of attraction
 p - a potion of flight {unknown}


   Skills:
 - Level 4.0 Fighting
 - Level 6.0 Dodging
 - Level 8.0 Stealth
 - Level 6.0 Unarmed Combat
 - Level 6.0 Spellcasting
 + Level 4.0 Conjurations
 + Level 8.0 Ice Magic
 - Level 4.0 Evocations


You had 8 spell levels left.
You knew the following spells:

 Your Spells              Type           Power      Damage    Failure   Level
a - Freeze                Ice            100%       1d11      1%          1
b - Frozen Ramparts       Ice            78%        1d9       1%          3
c - Ozocubu's Armour      Ice            39%        N/A       1%          3
d - Hailstorm             Conj/Ice       31%        3d8       9%          4

Your spell library contained the following spells:

 Spells                   Type           Power      Damage    Failure   Level
 Slow                     Hex            24%        N/A       10%         1
 Confusing Touch          Hex            6%         N/A       28%         3
 Gell's Gravitas          Tloc           6%         N/A       28%         3
 Teleport Other           Tloc           6%         N/A       28%         3
 Vampiric Draining        Necr           6%         2d6       28%         3
 Dispersal                Tloc           3%         N/A       100%        6


Dungeon Overview and Level Annotations

Branches:
Dungeon (6/15)             Temple (1/1) D:4           Sewer (visited)

Altars:
Ashenzari
Cheibriados
Dithmenos
Elyvilon
Fedhas
Gozag
Hepliaklqana
Kikubaaqudgha
Makhleb
Nemelex Xobeh
Okawaru
Qazlal
Ru
Sif Muna
Trog
Uskayaw
Vehumet
Wu Jian
Xom

Shops:
D:3 (


Innate Abilities, Weirdness & Mutations

You have sharp claws.
You have razor-sharp teeth.
You have supernaturally acute eyesight. (SInv)
You are clumsy. (Dex -2)
You cover ground quickly. (Speed+)
You are covered in thick fur. (AC +2)
Your paws help you pounce on unaware monsters.
You are incapable of wielding weapons or throwing items.
You cannot wear armour.
You gain extra lives every three experience levels.


Message History

Unknown command.
You scratch the vampire.
The vampire is severely damaged.
The vampire draws life force from you!
The vampire is healed by the life force!
You barely miss the vampire. Your bite misses the vampire.
The vampire is heavily damaged.
The vampire draws life force from you!
* * * LOW HITPOINT WARNING * * *
The vampire is healed by the life force!
Unknown command.
Your icy armour will break if you move.
Continue?
Okay, then.
Casting: Hailstorm (quite dangerous; 9% risk of failure)
Confirm with . or Enter, or press ? or * to list all spells.
Casting: Frozen Ramparts (safe; 1% risk of failure)
Press: ? - help, Dir - look around, f - activate A stone staircase leading up, spattered with blood.
The walls around you are covered in ice.
The wall freezes the gnoll!
The gnoll misses you.
The vampire resists.
The wall freezes the vampire.
The vampire completely misses you. The vampire barely misses you.
You closely miss the vampire.
The vampire is heavily damaged.
Unknown command.
You scratch the vampire but do no damage.
The vampire is heavily damaged.
The wall freezes the gnoll.
The gnoll hits you with a +2 vorpal flail!
* * * LOW HITPOINT WARNING * * *
x2 The vampire resists.
The wall freezes the vampire.
The vampire draws life force from you.
You die...
The vampire is healed by the life force!
You are now level 8!
You rejoin the land of the living...
Unknown command.
Unknown command.
Unknown command.
Are you sure you want to abandon this character and quit the game? (Confirm with "yes".)

#...#......#..#
##...........#
.......<...#
...$..###..#
###..## .#
#...## # #....#
#....# #@# #..#
#.## .# .. .#.
.## ##


There were no monsters in sight!

Vanquished Creatures
  Sigmund (D:2)
  A wyvern (D:6)
  12 yaks
  A steam dragon (D:6)
  A water moccasin (D:5)
  Duvessa (D:6)
  A black bear (D:6)
  An ice beast (D:6)
  2 sky beasts (D:6)
  3 ogres
  2 centaurs (D:6)
  A phantom (D:5)
  A kobold brigand (D:5)
  A bullfrog (D:6)
  A gnoll sergeant (D:6)
  A water moccasin zombie (D:5)
  2 elf skeletons (D:4)
  5 scorpions
  Dowan (D:6)
  A centaur zombie (D:6)
  2 human zombies (D:4)
  4 hounds
  2 jellies
  A gnoll shaman (D:4)
  2 orc priests
  A centaur skeleton (D:5)
  2 bullfrog skeletons (D:6)
  5 iguanas
  2 orc wizards
  A human skeleton (D:4)
  12 gnolls
  12 adders
  5 river rats (Sewer)
  A shadow imp (D:6)
  2 ufetubi (D:6)
  2 adder skeletons
  3 worms
  5 dart slugs
  6 orcs
  12 ball pythons
  8 endoplasms
  4 giant cockroaches
  5 goblins
  6 hobgoblins
  5 jackals (D:2)
  34 kobolds
  3 quokkas
  4 bats
  3 frilled lizards
  An orc skeleton (D:4)
  29 rats
224 creatures vanquished.

Vanquished Creatures (others)
  A wizard (D:5)
1 creature vanquished.

Grand Total: 225 creatures vanquished

Notes
Turn   | Place    | Note
-------+----------+-------------------------------------------
     0 | D:1      | tilp the Felid Ice Elementalist began the quest for the
                  | Orb.
     0 | D:1      | Reached XP level 1. HP: 7/7 MP: 4/4
    36 | D:1      | Reached skill level 1 in Unarmed Combat
   146 | D:1      | Reached XP level 2. HP: 11/11 MP: 4/6
   897 | D:1      | Reached XP level 3. HP: 12/14 MP: 3/7
   901 | D:1      | Learned a level 3 spell: Frozen Ramparts
  1597 | D:2      | Noticed Sigmund
  1607 | D:2      | Killed Sigmund
  1608 | D:2      | Reached skill level 5 in Ice Magic
  1608 | D:2      | Reached XP level 4. HP: 1/18 MP: 0/9
  1608 | D:2      | Reached XP level 5. HP: 2/21 MP: 0/10
  2064 | D:2      | Learned a level 3 spell: Ozocubu's Armour
  2327 | D:2      | Found a broken altar of Ashenzari.
  3267 | D:3      | Found a faded altar of an unknown god.
  3273 | D:3      | Found a shimmering altar of Xom.
  3274 | D:3      | Found a shimmering altar of Xom.
  3274 | D:3      | Found a shimmering altar of Xom.
  3276 | D:3      | Found a shimmering altar of Xom.
  3444 | D:3      | Found Qauteitu's Antique Weapon Emporium.
  3559 | D:3      | Gained mutation: You are covered in thick fur. (AC +2)
                  | [Felid growth]
  3559 | D:3      | Reached XP level 6. HP: 20/24 MP: 9/12
  4057 | D:4      | Found a glowing drain.
  4061 | Sewer    | Entered a sewer
  4621 | D:4      | Found a hide-covered altar of Uskayaw.
  4770 | D:4      | Found a staircase to the Ecumenical Temple.
  4802 | Temple   | Entered the Ecumenical Temple
  5205 | Temple   | Became a worshipper of Ru the Awakened
  5461 | D:4      | Found a shadowy altar of Dithmenos.
  5467 | D:4      | Reached XP level 7. HP: 12/27 MP: 7/14
  6676 | D:4      | Reached skill level 1 in Fighting
  6681 | D:4      | Learned a level 4 spell: Hailstorm
  6778 | D:4      | Found Sotuos's Distillery.
  6786 | D:4      | Bought a potion of curing for 30 gold pieces
  6786 | D:4      | Bought a potion of degeneration for 10 gold pieces
  7591 | D:5      | Entered Level 5 of the Dungeon
  7611 | D:5      | Reached XP level 8. HP: 33/33 MP: 2/15
  7824 | D:5      | Reached skill level 5 in Stealth
  7828 | D:5      | Reached skill level 1 in Conjurations
  8080 | D:5      | Reached XP level 9. HP: 36/36 MP: 9/17
  8344 | D:5      | Reached skill level 5 in Spellcasting
  8489 | D:5      | Gained mutation: You are clumsy. (Dex -2) [Ru sacrifice]
  8934 | D:5      | Found a bloodstained altar of Trog.
  8938 | D:5      | Noticed a wizard
  8943 | D:5      | Killed a wizard
  9375 | D:5      | Found an ornate altar of the Wu Jian Council.
  9378 | D:5      | Found an opulent altar of Gozag.
  9504 | D:5      | Identified a scroll of acquirement
  9504 | D:5      | Acquired 897 gold pieces
  9545 | D:4      | Bought 2 potions of haste for 200 gold pieces
  9545 | D:4      | Bought a potion of brilliance for 40 gold pieces
  9545 | D:4      | Bought a potion of berserk rage for 50 gold pieces
  9545 | D:4      | Bought 2 potions of attraction for 60 gold pieces
  9545 | D:4      | Bought a potion of berserk rage for 50 gold pieces
  9633 | D:6      | Noticed Duvessa
  9633 | D:6      | Noticed Dowan
 10564 | D:6      | Reached skill level 5 in Unarmed Combat
 10975 | D:6      | Reached skill level 5 in Dodging
 11495 | D:6      | Reached XP level 10. HP: 37/42 MP: 8/20
 11498 | D:6      | Killed Duvessa
 11500 | D:6      | Killed Dowan
 11853 | D:6      | Shot with an arrow by a centaur
 11854 | D:6      | Reached XP level 9. HP: -6/39 MP: 8/19
 12300 | D:6      | HP: 1/39 [gnoll (1)]
 12300 | D:6      | Killed from afar by a vampire
 12301 | D:6      | Reached XP level 8. HP: -3/36 MP: 6/18
 12301 | D:6      | Quit the game

Illustrated notes

Levels and vault maps discovered:
D:1:      dpeg_arrival_water_temple_mockup, layout_rooms
D:2:      layout_loops_ring, basic_altar, uniq_sigmund
D:3:      layout_loops_ring, xom_redecorated, basic_ecumenical_altar,
          serial_shops, nicolae_shop_advertising_works
          [nicolae_subvault_shop_adworks], kennysheep_pointless_box
D:4:      layout_basic, lemuel_tele_altar, mainiacjoe_overflow_24_doors,
          minmay_temple_entry_metal_lava, gup_sewer_entry_bowl,
          nicolae_ossuary_entry_catacombs, serial_shops,
          nicolae_shop_competitors_out_of_business, grunt_ministairs_5,
          st_stairs_2, nicolae_zen_rock_garden
D:5:      layout_basic, minitemple, trog_wizard, roderic_lattice_a
D:6:      cheibrodos_fzero, layout_layer_cave, minmay_manual_mares, uniq_duvessa
Temple:   oiseaux_autumnal_temple

Skill      XL: |  1  2  3  4  5  6  7  8  9 10 |
---------------+-------------------------------+-----
Unarmed Combat | 1 2 3 4 5 6 |  6.0
Ice Magic      | 5 6 7 8 |  8.0
Spellcasting   | 3 4 6 |  6.0
Evocations     | 2 4 |  4.0
Dodging        | 3 4 6 |  6.0
Stealth        | 4 6 8 |  8.0
Fighting       | 1 2 4 |  4.0
Conjurations   | 2 4 |  4.0

Action                   |  1- 3 |  4- 6 |  7- 9 | 10-12 || total
-------------------------+-------+-------+-------+-------++-------
Melee: Unarmed           |    12 |    53 |   237 |    25 ||   327
       Bite              |     1 |     1 |    13 |     1 ||    16
       Punch             |       |       |     1 |       ||     1
 Cast: Freeze            |    42 |    57 |    62 |    14 ||   175
       Frozen Ramparts   |     2 |    21 |    32 |     7 ||    62
       Ozocubu's Armour  |       |    10 |    31 |     2 ||    43
       Hailstorm         |       |       |     6 |     3 ||     9
Invok: Sacrifice Purity  |       |       |     1 |       ||     1
Evoke: Wand              |       |       |    12 |     1 ||    13
  Use: Scroll            |       |     8 |     5 |       ||    13
       Potion            |       |       |       |     1 ||     1
 Stab: Sleeping          |     5 |     3 |     9 |       ||    17
Armor: Skin              |     2 |    13 |    57 |     9 ||    81
Dodge: Dodged            |    22 |    68 |   173 |    41 ||   304

Table legend: (Time is in decaauts)
 A = Elapsed time spent in this place.
 B = Non-inter-level travel time spent in this place.
 C = Inter-level travel time spent in this place.
 D = Time resting spent in this place.
 E = Time spent auto-exploring this place.
 F = Levels seen in this place.
 G = Mean time per level.
                   A        B        C        D        E       F      G
               +--------+--------+--------+--------+--------+-----+--------+
         Total |  11240 |  10812 |    428 |   2917 |   5991 |   8 | 1405.0 |
       Dungeon |  10362 |   9982 |    380 |   2782 |   5671 |   6 | 1727.0 |
        Temple |    378 |    330 |     48 |      0 |    319 |   1 |  378.0 |
         Sewer |    500 |    500 |      0 |    135 |      0 |   1 |  500.0 |
               +--------+--------+--------+--------+--------+-----+--------+

Top non-repeatable levels by time:
     D:4: 2409 daAuts
     D:5: 2143 daAuts
     D:6: 2116 daAuts
     D:1: 1467 daAuts
     D:2: 1205 daAuts
     D:3: 1019 daAuts
   Sewer: 500 daAuts
  Temple: 378 daAuts
